 Dungeon Crawl Stone Soup version 0.30-a0-830-gfe289a77b0 (webtiles) character file.

Game seed: 733853673771248063

2417 cforsyth the Covert (level 9, -4/57 HPs)
             Began as a Kobold Brigand on Mar 1, 2023.
             Was a Follower of Uskayaw.
             Killed from afar by an electric eel (6 damage)
             ... with a bolt of electricity
             ... on level 7 of the Dungeon.
             The game lasted 00:06:07 (5511 turns).

cforsyth the Covert (Kobold Brigand)                Turns: 5511, Time: 00:06:07

Health: -4/57      AC:  5    Str:  8    XL:     9   Next: 76%
Magic:  9/9        EV: 20    Int: 13    God:    Uskayaw [*.....]
Gold:   352        SH:  0    Dex: 20    Spells: 8/8 levels left

rFire   . . .      SeeInvis .    x - +6 short sword
rCold   . . .      Faith    .    (no shield)
rNeg    . . .      Spirit   .    b - +0 robe
rPois   .          Reflect  .    (no helmet)
rElec   .          Harm     .    c - +0 cloak
rCorr   .          Rampage  .    f - +1 pair of gloves
Will    .....                    (no boots)
Stlth   +++                      (no amulet)
HPRegen 0.29/turn                (no ring)
MPRegen 0.11/turn                (no ring)

@: very slow
A: small, no large weapons, nightstalker 3
a: Renounce Religion, Stomp


You were on level 7 of the Dungeon.
You worshipped Uskayaw.
Uskayaw was noncommittal.
You visited 2 branches of the dungeon, and saw 8 of its levels.

You collected 352 gold pieces.

Inventory:

Hand Weapons
 a - a +3 dagger of draining
 x - a +6 short sword (weapon)
Missiles
 d - 9 poisoned darts (quivered)
 e - 3 curare-tipped darts
 z - 6 atropa-tipped darts
Armour
 b - a +0 robe (worn)
 c - a +0 cloak (worn)
 f - a +1 pair of gloves (worn)
Jewellery
 k - a ring of magical power
 u - a +6 ring of strength
 w - a ring of protection from fire
Wands
 r - a wand of charming (13)
 y - a wand of flame (20)
Scrolls
 g - 2 scrolls of teleportation
 i - a scroll of enchant weapon
 j - a scroll of blinking
 l - 7 scrolls of fear
Potions
 h - a potion of ambrosia
 m - 3 potions of heal wounds
 n - 2 potions of mutation
 o - 2 potions of lignification
 q - 3 potions of haste
 s - 2 potions of curing
 v - a potion of cancellation {unknown}


   Skills:
 + Level 7.1 Fighting
 + Level 8.6 Short Blades
 - Level 2.1 Throwing
 + Level 7.5 Dodging
 + Level 10.3 Stealth


You had 8 spell levels left.
You didn't know any spells.
Your spell library contained the following spells:

 Spells                   Type           Power      Damage    Failure   Level
 Shock                    Conj/Air       0%         1d3       30%         1
 Sting                    Tmut/Pois      0%         1d3       30%         1
 Poisonous Vapours        Pois/Air       0%         N/A       43%         2
 Dazzling Flash           Conj/Hex       0%         N/A       67%         3
 Ignite Poison            Fire/Tmut/Pois 0%         N/A       67%         3
 Kindle Blastsparks       Fire/Tloc/Air  0%         2d10      67%         3
 Ozocubu's Armour         Ice            0%         N/A       67%         3
 Swiftness                Air            0%         N/A       67%         3
 Airstrike                Air            0%         2d(0-16)  97%         4
 Iskenderun's Mystic Bla  Conj/Tloc      0%         2d3       97%         4
 Olgreb's Toxic Radiance  Pois           0%         N/A       97%         4
 Freezing Cloud           Conj/Ice/Air   0%         6-21      100%        5
 Starburst                Conj/Fire      0%         6d3       100%        6
 Ignition                 Fire           0%         3d3       100%        8
 Polar Vortex             Ice            0%         N/A       100%        9


Dungeon Overview and Level Annotations

Branches:
Dungeon (7/15)             Temple (1/1) D:4

Altars:
Ashenzari
Cheibriados
Dithmenos
Elyvilon
Fedhas
Gozag
Kikubaaqudgha
Makhleb
Okawaru
Sif Muna
Trog
Uskayaw
Vehumet
Wu Jian
Xom
Yredelemnul

Annotations:
D:5 3 runed translucent doors, groundbeetle's ghost, novice DsEE


Innate Abilities, Weirdness & Mutations

You are small and have problems with some larger weapons.
You are completely attuned to the shadows.


Message History

The plant begins to die.
Your unstable footing causes you to fumble your attack.
An electric eel comes into view.
The electric eel shoots out a bolt of lightning at you!
The bolt of electricity misses you.
The bolt of electricity hits the plant! x2
You puncture the electric eel!
The electric eel is heavily wounded.
Your unstable footing causes you to fumble your attack.
The electric eel shoots out a bolt of lightning at you!
The bolt of electricity hits the electric eel.
The electric eel completely resists.
The bolt of electricity hits you.
Your unstable footing causes you to fumble your attack.
Your unstable footing causes you to fumble your attack.
Your unstable footing causes you to fumble your attack.
A nearby plant withers and dies. x2
The electric eel shoots out a bolt of lightning at you!
The bolt of electricity misses you.
The electric eel shoots out a bolt of lightning at you!
The bolt of electricity hits you!
The electric eel shoots out a bolt of lightning at you!
The bolt of electricity misses you.
The electric eel shoots out a bolt of lightning at you!
The bolt of electricity hits you!
The electric eel shoots out a bolt of lightning at you!
The bolt of electricity hits you!
* * * LOW HITPOINT WARNING * * *
The bolt of electricity hits the plant!
The plant begins to die.
Your unstable footing causes you to fumble your attack.
The electric eel shoots out a bolt of lightning at you!
The bolt of electricity hits the electric eel.
The electric eel completely resists.
The bolt of electricity misses you.
The bolt of electricity hits the plant!
The electric eel shoots out a bolt of lightning at you!
The bolt of electricity hits you!
* * * LOW HITPOINT WARNING * * *
The bolt of electricity hits the plant!
The electric eel shoots out a bolt of lightning at you!
The bolt of electricity hits the electric eel.
The electric eel completely resists.
The bolt of electricity hits you.
You die...

≈≈~≈~♣♣ ≈≈≈≈≈P~♣ ≈≈≈≈≈≈≈P♣♣
~~≈≈≈≈≈~~~♣ ♣P~~≈≈≈S≈~~~♣
#~~~P~~S~~~P# #~P~~~~~~~~P######
#~~~~~~~~~~~##...#
#P~~~PP@P~P~##...#
#~~P~~..~~~~##..>#
#######~~..~..P~P~##...#
#......................####### ##
#.........[............##..... .#
#..........######....†.##.....
.###..........# ######...##.....
..##..........# #...............
#.##..........####P..###.########


You could see 2 electric eels.

Vanquished Creatures
  Sigmund (D:3)
  Menkaure (D:7)
  A water moccasin (D:7)
  3 ice beasts
  A black bear (D:6)
  A sky beast (D:6)
  A phantom (D:5)
  2 bullfrogs
  3 necrophages
  2 scorpions
  3 wights (D:6)
  2 electric eels (D:7)
  A vampire bat (D:6)
  2 bullfrog zombies (D:5)
  A gnoll bouda (D:5)
  5 orc priests
  4 hounds
  A jelly (D:6)
  Jessica (D:3)
  5 iguanas
  3 orc wizards
  3 adders
  4 gnolls (D:5)
  A shadow imp (D:7)
  4 white imps
  2 worms
  3 dart slugs
  16 orcs
  7 ball pythons
  9 endoplasms
  2 giant cockroaches
  5 goblins
  7 hobgoblins
  2 jackals (D:1)
  5 kobolds
  4 quokkas
  14 bats
  3 frilled lizards
  7 rats
142 creatures vanquished.

Vanquished Creatures (others)
  19 plants (D:7)
19 creatures vanquished.

Grand Total: 161 creatures vanquished

Notes
Turn   | Place    | Note
-------+----------+-------------------------------------------
     0 | D:1      | cforsyth the Kobold Brigand began the quest for the Orb.
     0 | D:1      | Reached XP level 1. HP: 12/12 MP: 1/1
    64 | D:1      | Reached XP level 2. HP: 18/18 MP: 2/2
   251 | D:1      | Found a faded altar of an unknown god.
   301 | D:1      | Reached XP level 3. HP: 19/22 MP: 3/3
  1155 | D:2      | Reached XP level 4. HP: 27/27 MP: 4/4
  1507 | D:3      | Noticed Sigmund
  1864 | D:3      | Killed Sigmund
  1865 | D:3      | Reached skill level 6 in Stealth
  1865 | D:3      | Reached XP level 5. HP: 7/33 MP: 5/5
  1865 | D:3      | Reached XP level 6. HP: 9/38 MP: 6/6
  2003 | D:3      | Found a broken altar of Ashenzari.
  2505 | D:3      | Noticed Jessica
  2509 | D:3      | Killed Jessica
  2762 | D:4      | Found an ornate altar of the Wu Jian Council.
  2781 | D:4      | Found a shadowy altar of Dithmenos.
  3004 | D:4      | Found a staircase to the Ecumenical Temple.
  3037 | D:4      | Found an ancient bone altar of Kikubaaqudgha.
  3099 | Temple   | Entered the Ecumenical Temple
  3195 | Temple   | Became a worshipper of Uskayaw the Reveller
  3301 | D:4      | Found a shimmering blue altar of Sif Muna.
  3523 | D:5      | Entered Level 5 of the Dungeon
  3526 | D:5      | Reached * piety under Uskayaw
  3602 | D:5      | Reached ** piety under Uskayaw
  3608 | D:5      | Reached *** piety under Uskayaw
  3617 | D:5      | Reached **** piety under Uskayaw
  3621 | D:5      | Reached skill level 5 in Short Blades
  3621 | D:5      | Reached skill level 7 in Stealth
  3654 | D:5      | Reached XP level 7. HP: 43/43 MP: 7/7
  4098 | D:5      | Found a runed translucent gate.
  4099 | D:5      | Found a runed translucent gate.
  4099 | D:5      | Noticed groundbeetle's ghost (novice DsEE)
  4100 | D:5      | Found a basalt altar of Yredelemnul.
  4100 | D:5      | Found a runed translucent gate.
  4125 | D:5      | Reached skill level 5 in Dodging
  4125 | D:5      | Reached XP level 8. HP: 29/48 MP: 8/8
  4452 | D:6      | Reached skill level 5 in Fighting
  4452 | D:6      | Reached skill level 8 in Stealth
  4706 | D:6      | Reached skill level 9 in Stealth
  4763 | D:6      | Reached XP level 9. HP: 55/55 MP: 9/9
  4853 | D:6      | Got the Commentary on Congealing Immolation
  5037 | D:7      | Noticed Menkaure
  5039 | D:7      | Killed Menkaure
  5174 | D:7      | Reached skill level 10 in Stealth
  5510 | D:7      | HP: 2/57 [electric eel/bolt of electricity (8)]
  5511 | D:7      | Killed from afar by an electric eel

Illustrated notes

Levels and vault maps discovered:
D:1:      dpeg_arrival_water_altar, layout_rooms,
          hellmonk_ecumenical_altar_run_dry
D:2:      layout_loops_cross, kennysheep_generic_room_11
D:3:      layout_basic, evilmike_ruin_ashenzari, uniq_jessica, uniq_sigmund
D:4:      layout_gridville, mainiacjoe_overflow_alcove_4,
          nicolae_dithmenos_through_a_glass_darkly, kennysheep_mini,
          lemuel_doored_altar, minmay_temple_entry_sparse_star
D:5:      layout_loops_ring, nicolae_yredelemnul_ghost_church
D:6:      layout_rooms, roderic_batcave
D:7:      layout_rooms, serial_bayou, serial_bayou_shore_a, serial_bayou_pond_d,
          serial_bayou_lagoon_a, serial_bayou_ford_a, corexii_checkpoint_a,
          uniq_menkaure
Temple:   zaba_magenta_temple

Skill      XL: |  1  2  3  4  5  6  7  8  9 |
---------------+----------------------------+-----
Short Blades   | 3 4 5 7 8 |  8.6
Dodging        | 2 3 4 5 6 7 |  7.5
Fighting       | 3 4 6 7 |  7.1
Stealth        | 6 7 9 10 | 10.3
Throwing       | |  2.1

Action                     |  1- 3 |  4- 6 |  7- 9 || total
---------------------------+-------+-------+-------++-------
  Melee: Dagger            |    99 |   109 |    95 ||   303
         Punch             |     1 |       |     2 ||     3
         Short sword       |       |       |   117 ||   117
    Use: Scroll            |       |    11 |     5 ||    16
   Stab: Sleeping          |    23 |    18 |    23 ||    64
         Distracted        |     1 |     1 |       ||     2
         Paralysed         |       |     1 |    11 ||    12
 Armour: Robe              |    16 |    11 |    24 ||    51
  Dodge: Dodged            |    47 |    46 |   130 ||   223

Table legend: (Time is in decaauts)
 A = Elapsed time spent in this place.
 B = Non-inter-level travel time spent in this place.
 C = Inter-level travel time spent in this place.
 D = Time resting spent in this place.
 E = Time spent auto-exploring this place.
 F = Levels seen in this place.
 G = Mean time per level.
                   A        B        C        D        E       F      G
               +--------+--------+--------+--------+--------+-----+--------+
         Total |   5419 |   5207 |    212 |    258 |   4096 |   8 |  677.4 |
       Dungeon |   5306 |   5111 |    195 |    258 |   4020 |   7 |  758.0 |
        Temple |    113 |     96 |     17 |      0 |     76 |   1 |  113.0 |
               +--------+--------+--------+--------+--------+-----+--------+

Top non-repeatable levels by time:
     D:2: 1019 daAuts
     D:3: 1011 daAuts
     D:5: 821 daAuts
     D:4: 702 daAuts
     D:1: 702 daAuts
     D:6: 587 daAuts
     D:7: 460 daAuts
  Temple: 113 daAuts
